 Dungeon Crawl Stone Soup version 0.21-a0-613-g5d64845 (webtiles) character file.

43 Alex the Covered (level 3, -2/31 HPs)
             Began as a Minotaur Fighter on Dec 22, 2017.
             Slain by a goblin
             ... wielding a +0 club
             ... led by Robin
              (4 damage)
             ... on level 2 of the Dungeon.
             The game lasted 00:02:20 (819 turns).

Alex the Covered (Minotaur Fighter)                  Turns: 819, Time: 00:02:20

Health: -2/31      AC:  6    Str: 21    XL:     3   Next: 37%
Magic:  2/2        EV:  7    Int:  5    God:
Gold:   51         SH:  9    Dex:  9    Spells: 2/2 levels left

rFire    . . .     SeeInvis .   a - +0 flail
rCold    . . .     Gourm    .   c - +0 shield
rNeg     . . .     Faith    .   b - +0 scale mail
rPois    .         Spirit   .   (helmet restricted)
rElec    .         Reflect  .   (no cloak)
rCorr    .         Harm     .   (no gloves)
MR       .....                  (no boots)
Stlth    ..........             (no amulet)
HPRegen  0.10/turn              (no ring)
MPRegen  0.08/turn              (no ring)

@: drained
A: retaliatory headbutt, horns 2
a: no special abilities


You were on level 2 of the Dungeon.
You were not hungry.

You visited 1 branch of the dungeon, and saw 2 of its levels.

You collected 51 gold pieces.

Inventory:

Hand Weapons
 a - a +0 flail (weapon)
Armour
 b - a +0 scale mail (worn)
 c - a +0 shield (worn)
Scrolls
 g - a scroll of magic mapping {unknown}
 i - 2 scrolls of remove curse {unknown}
 m - a scroll of fog {unknown}
Potions
 d - a potion of might
 e - a potion of curing {unknown}
 j - a potion of agility {unknown}
 k - a potion of heal wounds {unknown}
 l - 2 potions of resistance {unknown}
Comestibles
 f - 4 rations


   Skills:
 - Level 3.6(3.0) Fighting
 * Level 3.4(2.8) Maces & Flails
 + Level 4.1(3.5) Armour
 + Level 1.1(0.5) Dodging
 + Level 4.1(3.5) Shields


You had 2 spell levels left.
You didn't know any spells.

Dungeon Overview and Level Annotations

Branches:
Dungeon (2/15)

Altars:


Innate Abilities, Weirdness & Mutations

You reflexively headbutt those who attack you in melee.
You have a pair of horns on your head.


Message History

The goblin unwields an uncursed dagger.
The goblin wields a hunting sling.
The goblin shoots a stone.
The stone hits you. You block the goblin's attack.
The goblin hits you with a club.
A ball python comes into view.
Items here: ) [[ † a trident; an animal skin; a helmet; the hobgoblin corpse of Robin You closely miss the goblin.
The ball python hisses angrily.
The goblin shoots a stone.
You block the stone. The goblin hits you but does no damage.
The goblin barely misses you.
You barely miss the goblin.
The goblin shoots a stone.
The stone hits you. The goblin hits you but does no damage.
You block the goblin's attack.
The goblin shoots a stone.
The stone hits you but does no damage.
You barely miss the goblin. The goblin hits you but does no damage.
The goblin hits you with a club.
* * * LOW HITPOINT WARNING * * *
The goblin shoots a stone.
The stone hits you.
* * * LOW HITPOINT WARNING * * *
You closely miss the goblin. The goblin hits you with a club.
You die...

##########
#........#
#....)...#
#....)...#
#)...#####
#....#
#g@..#
+.g..#
#....#
.g#+###
... .....
...!. ....


You could see 3 goblins.

Vanquished Creatures
  Robin (D:2)
  An ooze (D:1)
  A leopard gecko (D:1)
  2 giant cockroaches (D:1)
  10 goblins
  A hobgoblin (D:2)
  2 jackals (D:1)
  A bat (D:1)
  2 kobolds (D:1)
  4 rats (D:1)
25 creatures vanquished.

Notes
Turn   | Place    | Note
-------+----------+-------------------------------------------
     0 | D:1      | Alex the Minotaur Fighter began the quest for the Orb.
     0 | D:1      | Reached XP level 1. HP: 19/19 MP: 0/0
    75 | D:1      | Reached XP level 2. HP: 20/26 MP: 1/1
   503 | D:1      | Reached skill level 1 in Dodging
   787 | D:2      | Noticed Robin
   802 | D:2      | Reached XP level 3. HP: 28/31 MP: 2/2
   814 | D:2      | Killed Robin
   819 | D:2      | Slain by a goblin

Vault maps used:
D:1:      lemuel_arrival_muddy
D:2:      marbit_many_paths, lemuel_doored_altar, uniq_robin

Skill      XL: |  1  2 |
---------------+-------+-----
Shields        | 4 |  4.1
Maces & Flails | 3 |  3.4
Dodging        | 1 |  1.1
Armour         | 4 |  4.1
Fighting       | |  3.6

Action                   || total
-------------------------++-------
Melee: Flail             ||    58
       Headbutt          ||     8
Armor: Scale mail        ||    42
Dodge: Dodged            ||    27
Block: Shield            ||    34

Table legend:
 A = Spawn XP
 B = Non-spawn XP
 C = Spawn XP percentage of total XP
 D = Spawn monster count
 E = Non-spawn monster count
 F = Spawn count percentage of total count
 G = Total turns spent on level
                    A         B        C        D         E        F      G
               +---------+---------+-------+---------+---------+-------+---------
         Total |       0 |      62 |   0.0 |       0 |      25 |   0.0 |   819
               +---------+---------+-------+---------+---------+-------+---------
           D:1 |       0 |      33 |   0.0 |       0 |      17 |   0.0 |   750
           D:2 |       0 |      29 |   0.0 |       0 |       8 |   0.0 |    69
               +---------+---------+-------+---------+---------+-------+---------
